 Dungeon Crawl Stone Soup version 0.19-a0-628-g9200b3b (webtiles) character file.

25 Krapule the Charmwright (level 3, -5/28 HPs)
             Began as a Merfolk Skald on June 13, 2016.
             Slain by a gnoll
             ... wielding a +3 flail
              (7 damage)
             ... on level 1 of the Dungeon.
             The game lasted 00:01:58 (734 turns).

Krapule the Charmwright (Merfolk Skald)              Turns: 734, Time: 00:01:59

Health: -5/28      AC:  5    Str: 13    XL:     3   Next: 6%
Magic:  3/6        EV: 11    Int: 11    God:
Gold:   28         SH:  0    Dex: 13    Spells: 1 memorised, 5 levels left

rFire  . . .     SeeInvis .     m - +0 halberd
rCold  . . .     Gourm    .     o - +0 ring mail
rNeg   . . .     Faith    .     (shield currently unavailable)
rPois  .         Spirit   .     (no helmet)
rElec  .         Dismiss  .     (no cloak)
rCorr  .         Reflect  .     (no gloves)
SustAt .         Harm     .     (no boots)
MR     .....                    (no amulet)
Stlth  +.........               (no ring)
                                (no ring)

@: infused, not resistant to hostile enchantments, very unstealthy
A: change form in water, swift swim
a: no special abilities


You were on level 1 of the Dungeon.
You were not hungry.

You visited 1 branch of the dungeon, and saw 2 of its levels.

You collected 28 gold pieces.

Inventory:

Hand Weapons
 a - a +0 spear
 m - a +0 halberd (weapon)
Missiles
 f - 6 javelins (quivered)
Armour
 b - a +0 leather armour
 o - a +0 ring mail (worn)
Scrolls
 e - 2 scrolls of identify {unknown}
 g - a scroll of fog {unknown}
 j - a scroll of recharging {unknown}
Potions
 h - a potion of brilliance {unknown}
 i - a potion of flight {unknown}
 k - a potion of degeneration {unknown}
 l - a potion of cure mutation {unknown}
Books
 c - a book of Battle

   Spells                             Type                      Level
   a - Infusion                       Charms                       1
   b - Shroud of Golubria             Charms/Translocation         2
   c - Song of Slaying                Charms                       2
   d - Spectral Weapon                Hexes/Charms                 3
   e - Regeneration                   Charms/Necromancy            3
Comestibles
 d - a bread ration
 n - a meat ration
 p - a chunk of flesh


   Skills:
 + Level 2.5 Fighting
 + Level 3.3 Polearms
 - Level 1.0 Armour
 + Level 2.0 Dodging
 + Level 2.2 Spellcasting
 + Level 3.4 Charms


You had 5 spell levels left.
You knew the following spells:

 Your Spells              Type           Power        Failure   Level  Hunger
a - Infusion              Chrm           #...         14%         1    ##.....


Dungeon Overview and Level Annotations

Branches:
Dungeon (2/15)

Altars:


Message History

The gnoll hits you with an enchanted flail!
You hit the gnoll!
The gnoll is heavily wounded.
The gnoll hits you with an enchanted flail.
You hit the gnoll.
The gnoll is almost dead.
The gnoll hits you with an enchanted flail.
* * * LOW HITPOINT WARNING * * *
You barely miss the gnoll.
The gnoll is almost dead.
The gnoll hits you with an enchanted flail.
* * * LOW HITPOINT WARNING * * *
You barely miss the gnoll.
The gnoll is almost dead.
The gnoll hits you with an enchanted flail.
* * * LOW HITPOINT WARNING * * *
You closely miss the gnoll.
The gnoll is almost dead.
The gnoll hits you with an enchanted flail!
You die...

#......# #.....#
#.####.# #####.#
###.# #.# #.#
....####.### #.#
###........######.#
######..........#
###.######.#
#.######.#
#......@g#
##########


You could see a gnoll.

Vanquished Creatures
  A gnoll (D:1)
  A dart slug (D:1)
  2 goblins (D:1)
  3 hobgoblins (D:1)
  A kobold (D:1)
  2 bats (D:1)
  A giant newt (D:1)
  2 rats (D:1)
13 creatures vanquished.

Notes
Turn   | Place    | Note
--------------------------------------------------------------
     0 | D:1      | Krapule the Merfolk Skald began the quest for the Orb.
     0 | D:1      | Reached XP level 1. HP: 16/16 MP: 3/3
   214 | D:1      | Reached skill level 1 in Armour
   224 | D:1      | Reached XP level 2. HP: 23/23 MP: 5/5
   496 | D:1      | Reached XP level 3. HP: 28/28 MP: 6/6
   733 | D:1      | HP: 1/28 [gnoll/enchanted flail (4)]
   734 | D:1      | Slain by a gnoll

Vault maps used:
D:1:      lemuel_arrival_lava_pool, roderic_lattice_a
D:2:      lemuel_upstairs_altar, trog_butcher_becter, uniq_crazy_yiuf_cottage

Skill      XL: |  1  2 |
---------------+-------+-----
Armour         | 1 |  1.0
Dodging        | 2 |  2.0
Fighting       | |  2.5
Polearms       | |  3.3
Spellcasting   | |  2.2
Charms         | |  3.4

Action                   || total
-------------------------++-------
Melee: Spear             ||    21
       Halberd           ||    47
Throw: Javelin           ||     2
 Cast: Infusion          ||     2
Armor: Leather armour    ||     4
       Ring mail         ||    17
Dodge: Dodged            ||    41
